AoeStats
← VillagerLivesMatter

Arena

510186580Analyzed
1v1 RM · 17h ago on Sep 29, 2026· 41m 6s· 2 players
Game mode
Random Map
Map size
Tiny (2 player)
Population
200
Speed
Normal
Resources
Standard
Victory
Conquest
Starting age
Dark Age
Ending age
Imperial Age
RankedLock teamsTeams togetherTeam positionsShared explorationLock speedFull tech treeHidden civsTurbo modeCheats
Victory
Defeat
🇺🇸 Spanish · United States
877
+18
🇨🇳 Teutons · China
917
-18
VillagerLivesMatter
9:15 Loom
13:21 Feudal Age
17:05 Castle Age
15:01 Horse Collar
15:31 Double-Bit Axe
16:40 Gold Mining
17:09 Fletching
26:50 Bow Saw
30:03 Imperial Age
28:00 Padded Archer Armor
29:48 Wheelbarrow
33:05 Chemistry
32:26 Ballistics
32:17 Fortified Wall
32:03 Murder Holes
33:00 Husbandry
33:10 Bloodlines
32:21 Light Cavalry
34:40 Pikeman
35:20 Squires
35:36 Hussar
38:22 Leather Archer Armor
38:13 Scale Barding Armor
38:04 Bodkin Arrow
38:09 Scale Mail Armor
38:19 Forging
就在
5:31 Loom
11:13 Feudal Age
16:22 Castle Age
14:30 Double-Bit Axe
14:54 Horse Collar
22:25 Wheelbarrow
22:31 Bow Saw
23:40 Gold Mining
29:16 Imperial Age
27:15 Hand Cart
27:53 Fletching
28:20 Elite Skirmisher
29:33 Padded Archer Armor
29:29 Bodkin Arrow
31:58 Leather Archer Armor
33:12 Chemistry
32:36 Ballistics
32:54 Conscription
37:13 Forging
37:49 Scale Mail Armor
Connection lost

Rejoining the realm…

Still unreachable

The connection could not be restored.

Session expired

The server has moved on; the page needs a fresh start.